 Dungeon Crawl Stone Soup version 0.28.0-1-gb440e238dd (webtiles) character file.

Game seed: 5729444019408430903

100 Ablot the Grasshopper (level 4, -3/38 HPs)
             Began as a Gnoll Warper on Feb 26, 2022.
             Slain by Grinder (9 damage)
             ... while paralysed by Grinder
             ... on level 3 of the Dungeon.
             The game lasted 00:03:36 (2471 turns).

Ablot the Grasshopper (Gnoll Warper)                Turns: 2471, Time: 00:03:37

Health: -3/38      AC:  3    Str: 12    XL:     4   Next: 74%
Magic:  10/11      EV:  2    Int: 13    God:
Gold:   97         SH:  0    Dex: 11    Spells: 11/13 levels left

rFire   . . .      SeeInvis .   a - +0 trident
rCold   . . .      Faith    .   (no shield)
rNeg    . . .      Spirit   .   b - +0 leather armour
rPois   .          Reflect  .   (no helmet)
rElec   .          Harm     .   (no cloak)
rCorr   .          Rampage  .   (no gloves)
Will    .....                   (no boots)
Stlth   +.........              (no amulet)
HPRegen 0.12/turn               (no ring)
MPRegen 0.12/turn               (no ring)

@: paralysed
A: fangs 1, strong nose, distributed training
a: no special abilities


You were on level 3 of the Dungeon.
You visited 1 branch of the dungeon, and saw 3 of its levels.

You collected 97 gold pieces.

Inventory:

Hand Weapons
 a - a +0 trident (weapon)
 r - a +1 mace of holy wrath
Missiles
 d - 4 boomerangs of dispersal (quivered)
 g - 4 javelins
 h - 44 sling bullets
 i - 24 bolts
 o - 20 arrows
 p - 23 stones
Armour
 b - a +0 leather armour (worn)
Magical Staves
 k - a staff of cold
Scrolls
 c - 2 scrolls of blinking
 j - 2 scrolls of identify {unknown}
 m - 3 scrolls of noise {unknown}
 q - a scroll of fog {unknown}
 t - a scroll of torment {unknown}
 v - a scroll of teleportation {unknown}
Potions
 e - 4 potions of curing {unknown}
 f - a potion of heal wounds {unknown}
 l - a potion of degeneration {unknown}
 s - a potion of berserk rage {unknown}
 u - a potion of attraction {unknown}


   Skills:
 + Level 4.7 Fighting
 + Level 1.2 Short Blades
 + Level 1.2 Long Blades
 + Level 1.2 Axes
 + Level 1.2 Maces & Flails
 + Level 4.7 Polearms
 + Level 1.2 Staves
 + Level 1.2 Slings
 + Level 1.2 Bows
 + Level 1.2 Crossbows
 + Level 2.8 Throwing
 + Level 2.8 Armour
 + Level 4.7 Dodging
 + Level 1.2 Stealth
 + Level 1.2 Shields
 + Level 1.2 Unarmed Combat
 + Level 5.1 Spellcasting
 + Level 1.0 Conjurations
 + Level 1.0 Hexes
 + Level 1.0 Summonings
 + Level 1.0 Necromancy
 + Level 5.5 Translocations
 + Level 1.0 Transmutations
 + Level 1.0 Fire Magic
 + Level 1.0 Ice Magic
 + Level 1.0 Air Magic
 + Level 1.0 Earth Magic
 + Level 1.0 Poison Magic
 + Level 1.3 Invocations
 + Level 1.2 Evocations


You had 11 spell levels left.
You knew the following spells:

 Your Spells              Type           Power      Damage    Failure   Level
a - Blink                 Tloc           34%        N/A       3%          2

Your spell library contained the following spells:

 Spells                   Type           Power      Damage    Failure   Level
 Apportation              Tloc           34%        N/A       2%          1
 Gell's Gravitas          Tloc           17%        N/A       8%          3
 Lesser Beckoning         Tloc           17%        N/A       8%          3
 Teleport Other           Tloc           17%        N/A       8%          3
 Animate Skeleton         Necr           10%        N/A       16%         1
 Summon Small Mammal      Summ           20%        N/A       16%         1
 Manifold Assault         Tloc           17%        N/A       56%         5


Dungeon Overview and Level Annotations

Branches:
Dungeon (3/15)

Altars:
Ashenzari
Fedhas
Gozag
Hepliaklqana
Nemelex Xobeh
Xom

Annotations:
D:3 3 runed translucent doors, exclusion: 3 doors, Grinder; destino's ghost, amateur PaBe


Innate Abilities, Weirdness & Mutations

You have very sharp teeth.
Your uncanny sense of smell can sniff out nearby items.
Your experience applies equally to all skills.


Message History

Aim: Grinder (very poisoned, 55% to hit)
You throw a poisoned dart. The poisoned dart hits Grinder.
Grinder gestures at you.
You suddenly lose the ability to move!
Grinder hits you.
You writhe in agony.
Grinder hits you.
You writhe in agony.
Grinder gestures at you. Pain shoots through your body!
* * * LOW HITPOINT WARNING * * *
Grinder hits you.
* * * LOW HITPOINT WARNING * * *
You writhe in agony.
* * * LOW HITPOINT WARNING * * *
You can move again.
Unknown command.
Casting: Blink (safe; 3% risk of failure)
Confirm with . or Enter, or press ? or * to list all spells.
You blink.
Grinder says, "FISH!"
Unknown command.
Throw: dart (poison)
Press: ? - help, Q - select action, (/) - cycle Shift-Dir - straight line, f/p - Grinder
Aim: Grinder (moderately wounded, very poisoned, 55% to hit)
You throw a poisoned dart. The poisoned dart hits Grinder.
Grinder looks even sicker.
Grinder is moderately wounded.
You feel stable enough to blink again.
Throw: 5 boomerangs (disperse)
Press: ? - help, Q - select action, (/) - cycle Shift-Dir - straight line, f/p - Grinder
Aim: Grinder (heavily wounded, very poisoned, 55% to hit)
You throw a boomerang of dispersal.
The boomerang of dispersal barely misses Grinder.
Grinder gestures at you.
You suddenly lose the ability to move!
Grinder gestures at you.
You shrug off the repeated paralysis!
Grinder gestures at you.
You shrug off the repeated paralysis!
Grinder hits you!
You die...

####..#..##...#................
....^....##....................
#..........................
#..#.#.....................
#....#.....................
#.####..<..................
#.ยง........#............... #
#..#####'#5#5####.......... #
#..# # #@#...(......#...# # #..#
#.#..#.....#.#.### # #..#
#>#........+...... #######..#
#.#.(......#.#.### ......#..#
#.#........#.#.#.. #####.#..#
#.##..(....#.#.#.# #####.#..#####
#(......#.##.#.#.#
#..............(.##....#.##.#.#.#
#.###.#..#####.#.........##.#.#.#


You could see Grinder (very poisoned).

Vanquished Creatures
  2 hound skeletons (D:2)
  3 adders
  A dart slug (D:2)
  6 bats
  9 endoplasms
  2 giant cockroaches
  7 goblins
  4 hobgoblins
  3 ball pythons
  2 frilled lizards (D:1)
  4 kobolds
  A rat (D:1)
44 creatures vanquished.

Vanquished Creatures (others)
  2 fungi (D:2)
  A plant (D:2)
3 creatures vanquished.

Grand Total: 47 creatures vanquished

Notes
Turn   | Place    | Note
-------+----------+-------------------------------------------
     0 | D:1      | Ablot the Gnoll Warper began the quest for the Orb.
     0 | D:1      | Reached XP level 1. HP: 20/20 MP: 6/6
   218 | D:1      | Reached XP level 2. HP: 26/26 MP: 7/7
   221 | D:1      | Learned a level 2 spell: Blink
   795 | D:2      | Reached skill level 5 in Spellcasting
   795 | D:2      | Reached XP level 3. HP: 18/31 MP: 7/9
   941 | D:2      | Reached skill level 1 in Invocations
   959 | D:2      | Reached skill level 1 in Short Blades
   959 | D:2      | Reached skill level 1 in Long Blades
   959 | D:2      | Reached skill level 1 in Axes
   959 | D:2      | Reached skill level 1 in Maces & Flails
   959 | D:2      | Reached skill level 1 in Staves
   959 | D:2      | Reached skill level 1 in Slings
   959 | D:2      | Reached skill level 1 in Bows
   959 | D:2      | Reached skill level 1 in Crossbows
   959 | D:2      | Reached skill level 1 in Stealth
   959 | D:2      | Reached skill level 1 in Shields
   959 | D:2      | Reached skill level 1 in Unarmed Combat
   959 | D:2      | Reached skill level 1 in Evocations
  1035 | D:2      | Reached XP level 4. HP: 38/38 MP: 11/11
  1161 | D:2      | Found a faded altar of an unknown god.
  1763 | D:3      | Reached skill level 1 in Conjurations
  1763 | D:3      | Reached skill level 1 in Hexes
  1763 | D:3      | Reached skill level 1 in Summonings
  1763 | D:3      | Reached skill level 1 in Necromancy
  1763 | D:3      | Reached skill level 1 in Transmutations
  1763 | D:3      | Reached skill level 1 in Fire Magic
  1763 | D:3      | Reached skill level 1 in Ice Magic
  1763 | D:3      | Reached skill level 1 in Air Magic
  1763 | D:3      | Reached skill level 1 in Earth Magic
  1763 | D:3      | Reached skill level 1 in Poison Magic
  1884 | D:3      | Found a runed translucent gate.
  1884 | D:3      | Found a runed translucent gate.
  1884 | D:3      | Found a runed translucent gate.
  1892 | D:3      | Noticed destino's ghost (amateur PaBe)
  1948 | D:3      | Found an opulent altar of Gozag.
  1952 | D:3      | Found a broken altar of Ashenzari.
  1953 | D:3      | Found a sparkling altar of Nemelex Xobeh.
  1955 | D:3      | Found a hazy altar of Hepliaklqana.
  1956 | D:3      | Found a shimmering altar of Xom.
  1958 | D:3      | Found a blossoming altar of Fedhas.
  1985 | D:3      | Noticed Grinder
  1994 | D:3      | Paralysed by Grinder for 2 turns
  2005 | D:3      | HP: 1/38 [Grinder (3)]
  2452 | D:3      | Paralysed by Grinder for 4 turns
  2466 | D:3      | Paralysed by Grinder for 7 turns
  2471 | D:3      | Slain by Grinder

Illustrated notes

Levels and vault maps discovered:
D:1:      beargit_arrival_diablo_church, layout_basic
D:2:      layout_rooms, dreamdust_ecumenical_altar_grove
D:3:      layout_basic, minitemple, gammafunk_ghost_necromancy, uniq_grinder

Skill      XL: |  1  2  3  4 |
---------------+-------------+-----
Spellcasting   | 5 |  5.1
Invocations    | 1 |  1.3
Short Blades   | 1 |  1.2
Long Blades    | 1 |  1.2
Axes           | 1 |  1.2
Maces & Flails | 1 |  1.2
Staves         | 1 |  1.2
Slings         | 1 |  1.2
Bows           | 1 |  1.2
Crossbows      | 1 |  1.2
Stealth        | 1 |  1.2
Shields        | 1 |  1.2
Unarmed Combat | 1 |  1.2
Evocations     | 1 |  1.2
Conjurations   | 1 |  1.0
Hexes          | 1 |  1.0
Summonings     | 1 |  1.0
Necromancy     | 1 |  1.0
Transmutations | 1 |  1.0
Fire Magic     | 1 |  1.0
Ice Magic      | 1 |  1.0
Air Magic      | 1 |  1.0
Earth Magic    | 1 |  1.0
Poison Magic   | 1 |  1.0
Fighting       | |  4.7
Polearms       | |  4.7
Throwing       | |  2.8
Armour         | |  2.8
Dodging        | |  4.7
Translocations | |  5.5

Action                   |  1- 3 |  4- 6 || total
-------------------------+-------+-------++-------
Melee: Spear             |    20 |       ||    20
       Bite              |     2 |     4 ||     6
       Trident           |    46 |    71 ||   117
Throw: Dart              |       |     6 ||     6
       Boomerang         |       |     1 ||     1
 Cast: Blink             |       |     1 ||     1
 Stab: Sleeping          |       |     1 ||     1
Armor: Leather armour    |    10 |    16 ||    26
Dodge: Dodged            |    18 |    36 ||    54
